 Dungeon Crawl Stone Soup version 0.29.1-13-g9f3cf754e1 (webtiles) character file.

Game seed: 3866512056236773968

21 Kold the Shooter (level 3, 17/22 HPs)
             Began as a Kobold Hunter on Jan 31, 2023.
             Was a Follower of Vehumet.
             Quit the game on level 2 of the Dungeon.
             The game lasted 00:01:14 (646 turns).

Kold the Shooter (Kobold Hunter)                     Turns: 646, Time: 00:01:15

Health: 17/22      AC:  3    Str:  8    XL:     3   Next: 5%
Magic:  3/3        EV: 15    Int: 10    God:    Vehumet [*.....]
Gold:   35         SH:  0    Dex: 26    Spells: 1/2 levels left

rFire   . . .      SeeInvis .   a - +0 shortbow
rCold   . . .      Faith    .   (shield currently unavailable)
rNeg    . . .      Spirit   .   c - +0 leather armour
rPois   .          Reflect  .   (no helmet)
rElec   .          Harm     .   (no cloak)
rCorr   .          Rampage  .   (no gloves)
Will    .....                   (no boots)
Stlth   +++.......              (no amulet)
HPRegen 0.07/turn               e - +6 ring of dexterity
MPRegen 0.08/turn               (no ring)

@: no status effects
A: small, no large weapons, nightstalker 3
a: Renounce Religion


You were on level 2 of the Dungeon.
You worshipped Vehumet.
Vehumet was aware of your devotion.
You visited 1 branch of the dungeon, and saw 2 of its levels.

You collected 35 gold pieces.

Inventory:

Hand Weapons
 a - a +0 shortbow (weapon)
Armour
 c - a +0 leather armour (worn)
Jewellery
 e - a +6 ring of dexterity (left hand)
Scrolls
 b - a scroll of immolation
 d - a scroll of teleportation {unknown}
 h - a scroll of magic mapping {unknown}
 j - a scroll of identify {unknown}
Potions
 f - a potion of heal wounds {unknown}
 g - a potion of lignification {unknown}
 i - a potion of curing {unknown}


   Skills:
 + Level 2.5 Fighting
 * Level 5.7 Ranged Weapons
 + Level 2.8 Dodging
 + Level 2.1 Stealth


You had one spell level left.
You knew the following spells:

 Your Spells              Type           Power      Damage    Failure   Level
a - Shock                 Conj/Air       0%         1d3       50%         1

Your spell library contained the following spells:

 Spells                   Type           Power      Damage    Failure   Level
 Fireball                 Conj/Fire      0%         3d3       100%        5
 Dispersal                Tloc           0%         N/A       100%        6
 Starburst                Conj/Fire      0%         6d3       100%        6
 Disjunction              Tloc           0%         N/A       100%        8
 Ignition                 Fire           0%         3d3       100%        8


Dungeon Overview and Level Annotations

Branches:
Dungeon (2/15)

Altars:
Vehumet


Innate Abilities, Weirdness & Mutations

You are small and have problems with some larger weapons.
You are completely attuned to the shadows.


Message History

[Y]es or [N]o only, please.
You cannot tell which god this altar belongs to.
Convert to them anyway?
Vehumet accepts your prayer! Vehumet welcomes you!
You can now gain magical power from killing.
Vehumet offers you knowledge of Shock.
You see here a +1 antimagic spear.
There is a stone staircase leading down here.
Done exploring.
Done exploring.
Memorise Shock, consuming 1 spell level and leaving 1?
Vehumet grants you knowledge of Shock.
You start memorising the spell.
You continue memorising.
You finish memorising.
You add the spell Shock to your library.
Spell assigned to 'a'.
Done exploring.
Done exploring.
There is a stone staircase leading down here.
You climb downwards.
There is a stone staircase leading up here.
A quokka comes into view.
You shoot an arrow. The arrow hits the quokka!
You kill the quokka!
Vehumet accepts your kill.
A quokka comes into view.
You shoot an arrow. The arrow barely misses the quokka.
You shoot an arrow.
The arrow hits the quokka but does no damage.
The quokka closely misses you.
You shoot an arrow.
The arrow hits the quokka but does no damage.
The quokka bites you but does no damage.
The quokka bites you.
You shoot an arrow. The arrow barely misses the quokka.
The quokka closely misses you.
You shoot an arrow. The arrow hits the quokka.
The quokka is almost dead.
The quokka barely misses you. The quokka bites you.
Are you sure you want to abandon this character and quit the game? (Confirm with "yes".)

#.#.#
#.#.#
#.#.#
#.#r#.#
....@.#
†.#.#.#
#.#<#
#.###
#.


You could see a quokka.

Vanquished Creatures
  5 endoplasms (D:1)
  2 hobgoblins (D:1)
  2 jackals (D:1)
  2 kobolds (D:1)
  A quokka (D:2)
  2 ball pythons (D:1)
  A bat (D:1)
  2 goblins (D:1)
  A rat (D:1)
18 creatures vanquished.

Notes
Turn   | Place    | Note
-------+----------+-------------------------------------------
     0 | D:1      | Kold the Kobold Hunter began the quest for the Orb.
     0 | D:1      | Reached XP level 1. HP: 12/12 MP: 1/1
   132 | D:1      | Reached XP level 2. HP: 18/18 MP: 2/2
   468 | D:1      | Reached XP level 3. HP: 22/22 MP: 3/3
   483 | D:1      | Found a faded altar of an unknown god.
   488 | D:1      | Prayed at the altar of an unknown god.
   488 | D:1      | Became a worshipper of Vehumet
   488 | D:1      | Reached * piety under Vehumet
   488 | D:1      | Offered knowledge of Shock by Vehumet.
   612 | D:1      | Learned a level 1 spell: Shock
   646 | D:2      | Quit the game

Illustrated notes

Levels and vault maps discovered:
D:1:      roderic_chinese_lattice_arrival, layout_rooms,
          ebering_ecumenical_altar_mist
D:2:      layout_basic

Skill      XL: |  1  2 |
---------------+-------+-----
Stealth        | 2 |  2.1
Fighting       | |  2.5
Ranged Weapons | |  5.7
Dodging        | |  2.8

Action                   || total
-------------------------++-------
 Fire: Shortbow          ||    35
Armor: Leather armour    ||     2
Dodge: Dodged            ||     7
